Map: Frozen Temple

Players

FearLess

  • Race: Terran Terran
  • League: Diamond

hydra - Winner!

  • Race: Zerg Zerg
  • League: Master

Event: Polygon Gaming Invitational 3

VOD

Have the link to the VOD?

Description

Time

  • Played on: June 18, 2016, 1:38 p.m.
  • Length: 8:28

All games in this series

Show
View Real Time Build Order
Export as new Build Order

FearLess Terran 

Build Orders: Reaper Expand, MMM Bio 

Get SALT Encoding   

  12  0:01  SCV  
  13  0:13  SCV  
  14  0:17  Supply Depot  
  14  0:25  SCV  
  15  0:39  SCV  
  15  0:41  Barracks  
  16  0:45  Refinery  
  16  0:51  SCV  
  17  1:03  SCV  
  18  1:15  SCV  
  19  1:28  Reaper, Orbital Command  
  20  1:39  Command Center  
  20  1:51  Barracks  
  20  1:54  SCV  
  21  2:00  Barracks Reactor  
  21  2:04  Supply Depot  
  21  2:08  SCV  
  22  2:20  SCV  
  23  2:23  Refinery  
  23  2:31  Factory  
  23  2:32  SCV  
  24  2:38  Marine x2  
  24  2:39  Barracks Tech Lab  
  26  2:45  SCV  
  27  2:57  SCV  
  28  2:58  Orbital Command  
  28  2:59  Marine  
  28  3:00  Marine  
  28  3:01  Marine  
  31  3:07  Stimpack  
  31  3:11  SCV  
  30  3:17  Marine  
  32  3:20  Hellion  
  30  3:28  SCV  
  30  3:29  SCV  
  30  3:31  Marine  
  33  3:34  Starport  
  33  3:40  Marine, SCV  
  35  3:42  SCV  
  35  3:44  Factory Reactor  
  35  3:45  Marine  
  37  3:52  Marine, SCV  
  39  3:58  Marine  
  39  4:02  SCV  
  41  4:03  Supply Depot, Marine  
  41  4:04  SCV  
  41  4:09  Marine  
  43  4:11  Supply Depot  
  43  4:14  SCV  
  45  4:22  Marine  
  46  4:24  Marine, Medivac x2  
  46  4:27  Bunker  
  46  4:28  SCV x2  
  53  4:33  Marine  
  53  4:35  Widow Mine  
  56  4:39  Supply Depot  
  56  4:40  Marine, SCV  
  58  4:48  SCV  
  60  4:52  SCV  
  60  5:02  Marine x2  
  60  5:03  Command Center  
  60  5:04  SCV  
  63  5:07  SCV  
  63  5:08  Marine  
  63  5:14  Engineering Bay  
  63  5:16  Engineering Bay  
  63  5:19  Marine x2  
  65  5:23  SCV  
  65  5:24  Refinery  
  65  5:25  Refinery  
  65  5:30  SCV  
  65  5:34  Supply Depot  
  65  5:35  Supply Depot, SCV  
  67  5:36  Combat Shields  
  67  5:37  Factory Tech Lab  
  67  5:38  Marine x2  
  67  5:42  SCV  
  70  5:51  Marine  
  70  5:56  Marine x2  
  67  6:05  Siege Tank  
  67  6:08  Barracks  
  67  6:09  Terran Infantry Weapons Level 1, Barracks, Marine  
  67  6:11  Terran Infantry Armor Level 1  
  71  6:14  Marine x2  
  71  6:15  SCV x2  
  74  6:20  Orbital Command  
  73  6:27  Marauder  
  73  6:31  Marine, SCV x2  
  78  6:37  Barracks  
  78  6:38  Barracks  
  78  6:42  Siege Tank  
  78  6:44  Liberator x2, SCV  
  80  6:55  Concussive Shells  
  80  6:57  Barracks Tech Lab, Marauder  
  80  6:58  Barracks Reactor  
  82  7:01  Marine  
  82  7:02  Marine  
  82  7:03  Orbital Command  
  82  7:05  SCV  
  82  7:08  SCV  
  92  7:15  Siege Tank  
  95  7:16  Marauder  
  95  7:17  SCV  
  95  7:18  Marauder  
  95  7:19  Supply Depot  
  100  7:23  Supply Depot  
  100  7:26  SCV  
  101  7:36  Bunker  
  101  7:40  SCV x2  
  101  7:41  Marauder x2  
  107  7:44  Marine x4  
  107  7:45  Armory  
  111  7:51  Siege Tank  
  111  7:57  Supply Depot  
  114  8:01  Supply Depot  
  114  8:02  Marauder  
  114  8:03  Marauder  
Show
View Real Time Build Order
Export as new Build Order

hydra Zerg - Winner!

Build Orders: Pool First 

Get SALT Encoding   

  12  0:00  Drone  
  13  0:12  Overlord  
  13  0:18  Drone  
  14  0:31  Drone x2  
  14  0:34  Drone  
  17  0:45  Extractor  
  17  0:46  Spawning Pool  
  16  0:50  Drone  
  16  0:56  Drone  
  17  1:07  Drone  
  18  1:18  Hatchery  
  18  1:21  Drone  
  18  1:32  Queen  
  20  1:36  Zergling x2  
  21  1:40  Drone  
  21  1:46  Metabolic Boost  
  22  1:53  Overlord  
  22  2:11  Zergling x4, Queen  
  26  2:21  Drone  
  27  2:30  Queen, Drone  
  27  2:35  Drone  
  31  2:41  Drone x2  
  31  2:42  Drone x2  
  35  2:47  Drone  
  35  2:50  Pneumatized Carapace  
  35  2:54  Overlord  
  35  2:57  Drone  
  35  3:13  Drone  
  35  3:14  Drone x2  
  35  3:19  Drone  
  39  3:20  Drone x2  
  39  3:21  Drone x2  
  39  3:23  Drone  
  43  3:35  Hatchery  
  43  3:37  Overlord  
  43  3:39  Drone  
  43  3:45  Roach Warren  
  43  3:46  Lair  
  42  3:49  Drone  
  42  3:52  Extractor, Drone  
  42  3:53  Extractor, Drone  
  44  3:55  Drone  
  44  3:56  Drone  
  44  3:58  Drone  
  44  4:01  Drone  
  47  4:04  Extractor, Drone  
  47  4:08  Overlord  
  47  4:10  Drone x2  
  49  4:19  Overlord  
  49  4:23  Drone  
  50  4:26  Overlord  
  50  4:27  Roach  
  50  4:28  Roach x2  
  50  4:31  Roach x2  
  60  4:39  Overlord x2  
  60  4:43  Roach x2  
  60  4:45  Glial Reconstitution  
  64  4:52  Roach x2  
  68  4:56  Ravager  
  68  4:57  Ravager  
  71  5:00  Drone x3  
  71  5:02  Roach x2  
  77  5:07  Roach x2  
  77  5:12  Overlord  
  81  5:15  Evolution Chamber  
  81  5:16  Evolution Chamber  
  81  5:19  Roach  
  81  5:29  Drone x2  
  81  5:30  Overlord, Drone  
  81  5:32  Roach x2  
  81  5:33  Roach  
  81  5:34  Ravager x2  
  92  5:47  Drone x3  
  93  6:00  Zerg Melee Weapons Level 1  
  93  6:01  Zerg Ground Armor Level 1  
  93  6:05  Roach x5  
  93  6:07  Drone  
  93  6:08  Drone  
  93  6:09  Drone  
  93  6:10  Extractor  
  105  6:11  Extractor  
  105  6:13  Overlord  
  105  6:14  Overlord x2  
  104  6:19  Drone x2  
  104  6:21  Overlord  
  104  6:24  Spore Crawler  
  105  6:27  Ravager  
  105  6:28  Overlord  
  106  6:34  Roach x5  
  116  6:42  Roach x4  
  116  6:44  Overlord  
  116  6:46  Drone  
  125  6:47  Drone  
  125  6:48  Drone  
  125  6:51  Drone  
  125  6:54  Drone x3  
  130  6:55  Overseer  
  130  6:59  Roach x2  
  135  7:04  Roach x2  
  135  7:07  Roach x2  
  143  7:11  Overlord x2  
  143  7:18  Overlord  
  143  7:30  Zergling x4  
  143  7:31  Zergling x12  
  143  7:32  Ravager  
  143  7:33  Ravager x6  
  143  7:35  Ravager  
  159  7:39  Roach  
  161  7:44  Roach  
  161  7:45  Roach x3  
  161  7:46  Overlord  
  161  7:47  Overlord  
  161  7:50  Overseer  
  169  7:58  Hatchery  
Tags
 
Add a new tag
Caveats
  • Supply blocks, unpowered buildings, or Contaminate may cause inaccurate times.
  • Supply counts are checked every 10 seconds.